 Dungeon Crawl Stone Soup version 0.30-a0-1018-g25214051b3 (webtiles) character file.

Game seed: 12584737252658977020

74 promet the Magician (level 4, -3/24 HPs)
             Began as a Deep Elf Hedge Wizard on Apr 7, 2023.
             Slain by an iguana (9 damage)
             ... on level 4 of the Dungeon.
             The game lasted 00:11:50 (2565 turns).

promet the Magician (Deep Elf Hedge Wizard)         Turns: 2565, Time: 00:11:51

Health: -3/24      AC:  2    Str:  7    XL:     4   Next: 10%
Magic:  17/22      EV: 12    Int: 21    God:
Gold:   54         SH:  5    Dex: 14    Spells: 7/13 levels left

rFire   . . .      SeeInvis +    a - +3 short sword
rCold   . . .      Faith    .    (no shield)
rNeg    . . .      Spirit   .    x - +0 robe
rPois   .          Reflect  +    c - +0 hat
rElec   .          Rampage  .    l - scarf {repulsion}
rCorr   .                        (no gloves)
Will    .....                    (no boots)
Stlth   ++                       k - amulet of reflection
HPRegen 0.24/turn                n - ring of see invisible
MPRegen 0.18/turn                j - ring of magical power

@: repel missiles
A: no striking features
a: no special abilities


You were on level 4 of the Dungeon.
You visited 1 branch of the dungeon, and saw 5 of its levels.

You collected 54 gold pieces.

Inventory:

Hand Weapons
 a - a +3 short sword (weapon)
 b - a +0 sling
 s - a +1 dagger
Missiles
 e - 40 stones
Armour
 c - a +0 hat (worn)
 g - a scarf of invisibility
 l - a scarf of repulsion (worn)
 x - a +0 robe (worn)
Jewellery
 j - a ring of magical power (right hand)
 k - an amulet of reflection (around neck)
 n - a ring of see invisible (left hand)
Scrolls
 q - a scroll of fear
Potions
 d - a potion of magic
 f - a potion of ambrosia {unknown}
 h - a potion of curing {unknown}
 i - a potion of heal wounds {unknown}
 m - a potion of brilliance {unknown}
 o - a potion of cancellation
 p - a potion of resistance {unknown}
 t - a potion of haste {unknown}


   Skills:
 + Level 0.7 Short Blades
 + Level 2.7 Dodging
 + Level 2.9 Stealth
 + Level 0.1 Shields
 + Level 5.4 Spellcasting
 + Level 1.7 Conjurations
 + Level 1.5 Summonings
 + Level 1.1 Translocations
 * Level 1.2 Evocations


You had 7 spell levels left.
You knew the following spells:

 Your Spells              Type           Power      Damage    Failure   Level
a - Magic Dart            Conj           48%        1d5       4%          1
b - Slow                  Hex            20%        N/A       11%         1
c - Blink                 Tloc           20%        N/A       10%         2
d - Call Imp              Summ           24%        N/A       9%          2

Your spell library contained the following spells:

 Spells                   Type           Power      Damage    Failure   Level
 Momentum Strike          Conj/Tloc      22%        3d8       9%          2
 Lesser Beckoning         Tloc           20%        N/A       10%         2
 Cigotuvi's Dreadful Rot  Necr/Pois/Air  10%        N/A       16%         2
 Sublimation of Blood     Necr           5%         N/A       16%         2
 Mephitic Cloud           Conj/Pois/Air  8%         N/A       24%         3
 Petrify                  Tmut/Erth      5%         N/A       71%         4
 Irradiate                Conj/Tmut      4%         3d13      90%         5


Dungeon Overview and Level Annotations

Branches:
Dungeon (5/15)             Temple (0/1) D:5

Altars:
Wu Jian


Message History

The iguana completely misses you.
Your cerulean imp hits the iguana from afar with a -3 spear.
Casting: Magic Dart (safe; 4% risk of failure)
Confirm with . or Enter, or press ? or * to list all spells.
Aiming: Magic Dart (safe; 4% risk of failure)
Press: ? - help, Shift-Dir - straight line, f/p - iguana
Aim: an iguana (moderately wounded, not watching you, ally target, 100% to hit)
The magic dart hits the iguana but does no damage.
The iguana is moderately wounded.
The iguana bites you!
Your cerulean imp hits the iguana from afar with a -3 spear.
Unknown command.
Casting: Magic Dart (safe; 4% risk of failure)
Confirm with . or Enter, or press ? or * to list all spells.
Aiming: Magic Dart (safe; 4% risk of failure)
Press: ? - help, Shift-Dir - straight line, f/p - iguana
Aim: an iguana (moderately wounded, ally target, 100% to hit)
The magic dart hits the iguana.
The iguana is heavily wounded.
The iguana closely misses you.
Your cerulean imp hits the iguana but does no damage.
Your cerulean imp closely misses the iguana.
You swap places.
The iguana bites you.
Your cerulean imp hits the iguana but does no damage.
Your cerulean imp barely misses the iguana.
Your cerulean imp hits the iguana but does no damage.
You barely miss the iguana.
The iguana is heavily wounded.
The iguana bites you.
* * * LOW HITPOINT WARNING * * *
Casting: Magic Dart (safe; 4% risk of failure)
Confirm with . or Enter, or press ? or * to list all spells.
Aiming: Magic Dart (safe; 4% risk of failure)
Press: ? - help, Shift-Dir - straight line, f/p - iguana
Aim: an iguana (heavily wounded, ally target, 100% to hit)
The magic dart hits the iguana.
The iguana is heavily wounded.
Your cerulean imp barely misses the iguana.
The iguana bites you!
You die...

##### +##
##5..##..[#
#>.8l@.=8.+
##...##)..#
##### .##
.. .. .. .


You could see an iguana (ally target) and a friendly cerulean imp (summoned).

Vanquished Creatures
  An orc wizard (D:5)
  A dart slug (D:1)
  2 orcs (D:5)
  2 endoplasms (D:1)
  6 giant cockroaches
  A goblin (D:2)
  A hobgoblin (D:5)
  3 jackals (D:2)
  3 kobolds
  4 quokkas
  3 ball pythons (D:1)
  3 bats
  2 frilled lizards
  3 rats
35 creatures vanquished.

Vanquished Creatures (collateral kills)
  A dart slug (D:1)
  3 jackals (D:2)
4 creatures vanquished.

Grand Total: 39 creatures vanquished

Notes
Turn   | Place    | Note
-------+----------+-------------------------------------------
     0 | D:1      | promet the Deep Elf Hedge Wizard began the quest for the
                  | Orb.
     0 | D:1      | Reached XP level 1. HP: 10/10 MP: 7/7
   536 | D:1      | Reached skill level 5 in Spellcasting
   536 | D:1      | Reached XP level 2. HP: 15/15 MP: 3/10
   538 | D:1      | Learned a level 1 spell: Slow
   541 | D:1      | Learned a level 2 spell: Blink
   544 | D:1      | Learned a level 2 spell: Call Imp
  1129 | D:2      | Found an ornate altar of the Wu Jian Council.
  1490 | D:2      | Reached XP level 3. HP: 19/19 MP: 11/11
  1983 | D:2      | Reached skill level 1 in Evocations
  2339 | D:3      | You fall into a shaft and drop 2 floors!
  2339 | D:5      | Entered Level 5 of the Dungeon
  2402 | D:5      | Reached XP level 4. HP: 13/24 MP: 13/13
  2486 | D:5      | Noticed an ogre
  2503 | D:5      | Found a staircase to the Ecumenical Temple.
  2565 | D:4      | Slain by an iguana

Illustrated notes

Levels and vault maps discovered:
D:1:      dpeg_chamrin_arrival_tetris, layout_basic
D:2:      layout_basic, basic_altar
D:3:      layout_loops_ring, hellmonk_ecumenical_altar_slurped_away
D:4:      layout_rooms, gammafunk_temple_overflow_claw, serial_park_tiny_1,
          st_stairs_14, grunt_ministairs_5, uniq_robin, uniq_crazy_yiuf_cottage,
          uniq_eustachio
D:5:      layout_basic, minmay_temple_entry_statues_fountains, chequers_avenue,
          grunt_ministairs_3

Skill      XL: |  1  2  3 |
---------------+----------+-----
Spellcasting   | 5 |  5.4
Evocations     | 1 |  1.2
Short Blades   | |  0.7
Dodging        | |  2.7
Stealth        | |  2.9
Shields        | |  0.1
Conjurations   | |  1.7
Summonings     | |  1.5
Translocations | |  1.1

Action                     |  1- 3 |  4- 6 || total
---------------------------+-------+-------++-------
  Melee: Dagger            |    37 |       ||    37
         Short sword       |    22 |     7 ||    29
   Cast: Magic Dart        |    50 |     8 ||    58
         Call Imp          |     9 |     2 ||    11
         Slow              |       |     1 ||     1
    Use: Scroll            |     7 |       ||     7
   Stab: Sleeping          |     2 |       ||     2
 Armour: Robe              |    15 |       ||    15
  Dodge: Dodged            |    39 |    10 ||    49
         Repelled          |     1 |       ||     1
  Block: Other             |    10 |     3 ||    13
         Reflection        |     2 |       ||     2

Table legend: (Time is in decaauts)
 A = Elapsed time spent in this place.
 B = Non-inter-level travel time spent in this place.
 C = Inter-level travel time spent in this place.
 D = Time resting spent in this place.
 E = Time spent auto-exploring this place.
 F = Levels seen in this place.
 G = Mean time per level.
                   A        B        C        D        E       F      G
               +--------+--------+--------+--------+--------+-----+--------+
         Total |   2561 |   2486 |     75 |    644 |    761 |   5 |  512.2 |
       Dungeon |   2561 |   2486 |     75 |    644 |    761 |   5 |  512.2 |
               +--------+--------+--------+--------+--------+-----+--------+

Top non-repeatable levels by time:
     D:2: 1184 daAuts
     D:1: 1110 daAuts
     D:5: 208 daAuts
     D:3: 40 daAuts
     D:4: 17 daAuts
